 Seeded DCSS version 0.30-a0-956-gcec3b41aec (webtiles) character file.

Game seed: 13137397067068997422 (custom seed)

375 mistaj the Shield-Bearer (level 6, -2/34 HPs)
             Began as a Vine Stalker Fighter on Mar 30, 2023.
             Was an Initiate of Cheibriados.
             Killed from afar by Dowan (14 damage)
             ... with a puff of frost
             ... on level 4 of the Dungeon.
             The game lasted 00:03:41 (2781 turns).

mistaj the Shield-Bearer (Vine Stalker Fighter)     Turns: 2781, Time: 00:03:42

Health: -2/34      AC:  8    Str: 21    XL:     6   Next: 72%
Magic:  0/7        EV:  6    Int:  9    God:    Cheibriados [......]
Gold:   162        SH: 13    Dex: 15    Spells: 5/5 levels left

rFire   + . .      SeeInvis .    a - +0 war axe
rCold   x . .      Faith    .    g - +0 tower shield of Ashenzari's Supremacy {rF+ rC- Will++ Stlth+}
rNeg    . . .      Spirit   +    b - +0 scale mail
rPois   .          Reflect  .    (no helmet)
rElec   .          Rampage  +    (no cloak)
rCorr   .                        (no gloves)
Will    ++...                    n - +1 pair of boots {rampage}
Stlth   +                        (no amulet)
HPRegen 1.05/turn                (no ring)
MPRegen 0.10/turn                (no ring)

@: very slow
A: fangs 2, regeneration 1, magic shield, antimagic bite, no potion heal 2
a: Renounce Religion


You were on level 4 of the Dungeon.
You worshipped Cheibriados.
Cheibriados was noncommittal.
You visited 1 branch of the dungeon, and saw 4 of its levels.

You collected 162 gold pieces.

Inventory:

Hand Weapons
 a - a +0 war axe (weapon)
Armour
 b - a +0 scale mail (worn)
 g - the +0 tower shield of Ashenzari's Supremacy (worn) {rF+ rC- Will++ Stlth+}
   (You acquired it on level 1 of the Dungeon)

   rF:        It protects you from fire.
   rC:        It makes you vulnerable to cold.
   Will:      It greatly increases your willpower.
   Stlth:     It makes you more stealthy.
 n - a +1 pair of boots of rampaging (worn)
Jewellery
 k - an amulet of reflection
Scrolls
 e - 7 scrolls of identify {unknown}
 i - a scroll of teleportation {unknown}
 j - a scroll of vulnerability {unknown}
 l - 2 scrolls of magic mapping {unknown}
 m - a scroll of poison {unknown}
 o - a scroll of acquirement
Potions
 c - 4 potions of curing {unknown}
 d - 2 potions of might
 f - a potion of cancellation {unknown}
 h - 3 potions of mutation {unknown}


   Skills:
 + Level 4.4 Fighting
 + Level 3.8 Axes
 - Level 2.4 Armour
 + Level 4.4 Shields


You had 5 spell levels left.
You didn't know any spells.
Your spell library contained the following spells:

 Spells                   Type           Power      Damage    Failure   Level
 Freeze                   Ice            0%         1d3       100%        1
 Frozen Ramparts          Ice            0%         1d1       100%        3
 Hailstorm                Conj/Ice       0%         3d3       100%        3
 Yara's Violent Unravell  Hex/Tmut       0%         3d3       100%        5
 Enfeeble                 Hex            0%         N/A       100%        7


Dungeon Overview and Level Annotations

Branches:
Dungeon (4/15)
 Temple: D:4-7

Altars:
Ashenzari
Cheibriados
Gozag
Wu Jian

Annotations:
D:4 Dowan, Duvessa, Sigmund


Innate Abilities, Weirdness & Mutations

You have extremely sharp teeth.
Your natural rate of healing is unusually fast.
When hurt, damage is shared between your health and your magic reserves.
Your bite disrupts and absorbs the magic of your enemies.
Potions cannot restore your health.


Message History

Deactivating autopickup; reactivate with Ctrl-A.
You rampage towards Duvessa!
You barely miss Duvessa. Your bite misses Duvessa.
Cheibriados thinks you should slow down.
You feel a little guilty. You block Duvessa's attack. x2
Dowan hits you with a +0 dagger.
You closely miss Duvessa. You hit Dowan.
Dowan drinks a potion.
Dowan's spells are empowered!
Duvessa closely misses you. Something hits you!
You slash Duvessa! Your bite misses Duvessa.
Duvessa is moderately wounded.
You hit Dowan.
Dowan points at you and mumbles some strange words.
The puff of flame hits you. You resist. Duvessa hits you with a +0 short sword!
You block something's attack. You block Dowan's attack.
Duvessa barely misses you.
You closely miss Duvessa.
Duvessa is moderately wounded.
You closely miss Dowan. You block Dowan's attack.
Duvessa hits you but does no damage. Something hits you.
You block Duvessa's attack. Dowan completely misses you.
Unknown command.
You hit Duvessa but do no damage. You bite Duvessa. You drain her power.
You feel invigorated.
Duvessa is heavily wounded.
You closely miss Dowan. Something hits you. You block Dowan's attack.
Duvessa hits you but does no damage.
Unknown command.
You closely miss Duvessa.
Duvessa is heavily wounded.
You miss Dowan. Dowan casts a spell at you. The puff of flame hits you.
You resist. Duvessa hits you with a +0 short sword.
You block something's attack. Dowan hits you but does no damage.
You block Duvessa's attack. Something hits you!
* * * LOW HITPOINT WARNING * * *
You slash Duvessa! Your bite misses Duvessa.
Duvessa is severely wounded.
You miss Dowan. You block Dowan's attack. You block Duvessa's attack.
Dowan points at you and mumbles some strange words.
The puff of frost hits you!!
You feel a terrible chill!
You die...

#......... ...
#..#.##### #..
#.....(..' #..
#......### ##..
#..)....## ####...
#..#.##.## .......
#..#.##...
.......########..#.##.##
.....{e@e.......)#.##.##
....##########...#.##.#
. #..<#.##.# #..##.##.#
#...#.##.## #.#.# ....
#.#.# .## ..... ......


You could see Duvessa and Dowan (empowered).

Vanquished Creatures
  An ogre (D:4)
  Blork the orc (D:4)
  A bullfrog (D:4)
  Terence (D:3)
  An orc wizard (D:3)
  3 adders
  2 worms
  4 dart slugs
  7 orcs (D:3)
  6 endoplasms
  6 giant cockroaches
  5 goblins
  7 hobgoblins
  A quokka (D:1)
  5 ball pythons
  6 bats
  A frilled lizard (D:2)
  12 kobolds
  3 rats (D:2)
73 creatures vanquished.

Vanquished Creatures (others)
  2 demonic plants (D:3)
2 creatures vanquished.

Grand Total: 75 creatures vanquished

Notes
Turn   | Place    | Note
-------+----------+-------------------------------------------
     0 | D:1      | mistaj the Vine Stalker Fighter began the quest for the
                  | Orb.
     0 | D:1      | Reached XP level 1. HP: 11/11 MP: 2/2
    93 | D:1      | Reached XP level 2. HP: 15/16 MP: 3/3
   296 | D:1      | Identified a scroll of acquirement
   296 | D:1      | Acquired the +0 tower shield of Ashenzari's Supremacy {rF+
                  | rC- Will++ Stlth+}
   398 | D:1      | Reached XP level 3. HP: 20/20 MP: 4/4
   638 | D:2      | Found Xexamnid's Weapon Shoppe.
   840 | D:2      | Gained mutation: Your natural rate of healing is unusually
                  | fast. [Vine Stalker growth]
   840 | D:2      | Reached XP level 4. HP: 24/24 MP: 5/5
  1144 | D:3      | Noticed Terence
  1156 | D:3      | Killed Terence
  1157 | D:3      | Reached XP level 5. HP: 25/28 MP: 4/6
  1237 | D:3      | Found a broken altar of Ashenzari.
  1315 | D:3      | Found a faded altar of an unknown god.
  1327 | D:3      | Found an ornate altar of the Wu Jian Council.
  1851 | D:3      | Acquired a +1 pair of boots of rampaging
  2241 | D:4      | Noticed an ogre
  2246 | D:4      | Killed an ogre
  2247 | D:4      | Reached XP level 6. HP: 14/33 MP: 4/7
  2394 | D:4      | Found an opulent altar of Gozag.
  2462 | D:4      | Noticed Blork the orc
  2475 | D:4      | Killed Blork the orc
  2636 | D:4      | Found a snail-covered altar of Cheibriados.
  2639 | D:4      | Became a worshipper of Cheibriados the Contemplative
  2771 | D:4      | Noticed Dowan
  2772 | D:4      | Noticed Duvessa
  2772 | D:4      | Noticed Sigmund
  2781 | D:4      | Killed from afar by Dowan

Illustrated notes

Levels and vault maps discovered:
D:1:      dpeg_arrival_long_road, layout_basic
D:2:      layout_rooms, serial_shops, nicolae_shop_bloodbath_and_beyond
D:3:      layout_loops_corners, lemuel_round_altar,
          mainiacjoe_overflow_alcove_4, shapermc_ecumenical_altar_gd,
          minmay_misc_feat_roman, uniq_terence
D:4:      cheibrodos_old_hovel, layout_basic, kennysheep_mini,
          nicolae_gozag_cash_rules_everything_around_me, zin_statuary,
          uniq_eustachio, uniq_duvessa, uniq_blork_the_orc, uniq_sigmund

Skill      XL: |  1  2  3  4  5 |
---------------+----------------+-----
Axes           | 2 3 |  3.8
Fighting       | 3 4 |  4.4
Shields        | 3 4 |  4.4
Armour         | |  2.4

Action                     |  1- 3 |  4- 6 || total
---------------------------+-------+-------++-------
  Melee: War axe           |    64 |   120 ||   184
         Bite              |    22 |    30 ||    52
    Use: Scroll            |     1 |     1 ||     2
   Stab: Sleeping          |       |     1 ||     1
 Armour: Scale mail        |    28 |    42 ||    70
  Dodge: Dodged            |    24 |    21 ||    45
  Block: Buckler           |     7 |       ||     7
         Tower shield      |    32 |    98 ||   130

Table legend: (Time is in decaauts)
 A = Elapsed time spent in this place.
 B = Non-inter-level travel time spent in this place.
 C = Inter-level travel time spent in this place.
 D = Time resting spent in this place.
 E = Time spent auto-exploring this place.
 F = Levels seen in this place.
 G = Mean time per level.
                   A        B        C        D        E       F      G
               +--------+--------+--------+--------+--------+-----+--------+
         Total |   2941 |   2864 |     77 |    186 |   2007 |   4 |  735.2 |
       Dungeon |   2941 |   2864 |     77 |    186 |   2007 |   4 |  735.2 |
               +--------+--------+--------+--------+--------+-----+--------+

Top non-repeatable levels by time:
     D:3: 1282 daAuts
     D:4: 657 daAuts
     D:1: 625 daAuts
     D:2: 376 daAuts
